Description

You want a new all-in in PvT? Try this Protoss build order! It's a strong DT / zealot all-in!

This build order is really powerful and hard to stop before GM league. The goal is to open with a DT drop (you can win many game with this drop) then to do a strong blink DT / Chargelot push. Blink DT are good because you can go through the wall and you can block the terran army. All the video is based on a ladder gameplay of StarCraft 2.

Notes :

  • 3 stalkers opening is good against openings like cyclones push. The metagame is really agressive therefore it's good to do them.
  • When you drop, be careful in your base. Some terrans timings are the same as your DT drop.
  • Blink research is really long. Make it after your first DTs.
  • If the oponent stay in his main when you attack with blink / DT chargelot, add your third and play a macro game. It's really hard to attack in this kind of situation (but if you stay in front of his base, you are totally good: He can't expand and he can't macro.

VOD

https://youtu.be/Z5hiFGbZyis

Replay - PvT DT rush

Build Order

Get SALT Encoding   

  12  0:01  Probe  
  13  0:13  Probe  
  14  0:19  Pylon  
  14  0:22  Probe  
  15  0:33  Probe  
  15  0:40  Gateway  
  16  0:45  Probe  
  16  0:48  Assimilator  
  17  0:56  Probe  
  18  1:02  Pylon  
  18  1:04  Probe  
  19  1:12  Probe  
  20  1:28  Nexus  
  20  1:43  Cybernetics Core  
  20  1:46  Probe  
  21  1:51  Assimilator  
  21  1:57  Pylon  
  21  1:58  Probe  
  22  2:10  Stalker  
  23  2:21  Warp Gate  
  25  2:30  Twilight Council  
  26  2:40  Stalker  
  32  3:12  Robotics Facility  
  34  3:18  Stalker  
  36  3:20  Shield Battery  
  39  3:39  Dark Shrine  
  41  3:51  Warp Prism  
  41  3:52  Gateway  
  43  3:57  Assimilator  
  45  4:09  Pylon  
  45  4:12  Assimilator  
  45  4:16  Pylon  
  45  4:18  Shield Battery  
  45  4:28  Immortal  
  51  4:42  Unknown  
  52  4:52  Charge  
  53  4:54  Dark Templar x2  
  57  5:05  Gateway  
  58  5:21  Shield Battery  
  58  5:22  Warp Prism  
  56  5:34  Dark Templar x2  
  62  5:41  Gateway x3  
  64  6:03  Gateway x2  
  63  6:07  Dark Templar x2  
  67  6:12  Zealot  
  69  6:33  Dark Templar  
  69  6:38  Dark Templar x3  
  69  6:39  Zealot  
  69  6:59  Zealot  
  73  7:07  Zealot x5  
  83  7:32  Zealot x2  
Spawning Tool Build Advisor. Get it on Overwolf

Go to:

Details

  • Created by: zuka      
  • Published on: Aug 30, 2018
  • Modified on: Sep 04, 2018
  • Patch: 4.0.0
Show
View Real Time Build Order
Export as new Build Order

Comments (3)

On Sept. 4, 2018, 7:18 a.m., zuka  said:

Yeah, blink for DT :D

On Sept. 4, 2018, 6:53 a.m., Wetze  said:

I have watched the VOD. Blink for DT.. Thanks :)

On Sept. 4, 2018, 6:28 a.m., Wetze  said:

Hi zuka. Thanks your for this Bo. I use many of your BO's :)

I have a question. First, there is a unknown in your BO. What is to do at this point? And what do you mean with blink DT, the blink upgrade for stalkers or the Blink upgrade just for DT's.. Or booth? Please help me out

Create an account to comment!